 Dungeon Crawl Stone Soup version 0.21.1-1-g345015f (webtiles) character file.

1517 Mesmaeker13 the Charmwright (level 8, -9/96 HPs)
             Began as a Gnoll Skald on July 23, 2018.
             Killed from afar by a white imp (11 damage)
             ... with a puff of frost
             ... summoned by Eustachio
             ... on level 5 of the Dungeon on July 24, 2018.
             The game lasted 00:12:40 (5958 turns).

Mesmaeker13 the Charmwright (Gnoll Skald)           Turns: 5958, Time: 00:12:42

Health: -9/96      AC: 27    Str: 19    XL:     8   Next: 83%
Magic:  17/17      EV:  2    Int: 17    God:
Gold:   174        SH:  0    Dex: 14    Spells: 18/19 levels left

rFire    . . .     SeeInvis .   e - +1 short sword (drain)
rCold    . . .     Gourm    .   (no shield)
rNeg     + + +     Faith    .   (armour currently unavailable)
rPois    +         Spirit   .   (helmet currently unavailable)
rElec    .         Reflect  .   (cloak currently unavailable)
rCorr    .         Harm     .   (gloves currently unavailable)
MR       .....     NoTele   +   (boots currently unavailable)
Stlth    ++........             (no amulet)
HPRegen  0.26/turn              f - +3 ring of protection
MPRegen  0.15/turn              k - +4 ring of strength

@: tree-form
A: distributed training, strong nose
a: no special abilities


You were on level 5 of the Dungeon.
You were not hungry.
You were a tree.
You visited 2 branches of the dungeon, and saw 7 of its levels.

You collected 174 gold pieces.

Inventory:

Hand Weapons
 e - a +1 short sword of draining (weapon)
Armour
 a - a +0 chain mail
 b - a +0 plate armour (melded)
 m - a +0 helmet (melded)
 t - a +0 pair of gloves (melded)
Jewellery
 f - a +3 ring of protection (left branch)
 k - a +4 ring of strength (right branch)
Scrolls
 g - 2 scrolls of blinking {unknown}
 h - a scroll of magic mapping
 i - a scroll of enchant armour {unknown}
 s - a scroll of identify
 u - 2 scrolls of teleportation
 v - a scroll of amnesia {unknown}
 x - 2 scrolls of remove curse
 y - a scroll of fog {unknown}
Potions
 j - a potion of lignification
 l - a potion of mutation
 n - 2 potions of heal wounds {unknown}
 o - a potion of degeneration {unknown}
 p - a potion of cancellation {unknown}
Books
 c - a book of Battle

   Spells                             Type                      Level
   a - Infusion                       Charms                       1
   b - Shroud of Golubria             Charms/Translocation         2
   c - Song of Slaying                Charms                       2
   d - Spectral Weapon                Hexes/Charms                 3
   e - Regeneration                   Charms/Necromancy            3
Comestibles
 d - 5 rations


   Skills:
 + Level 5.8 Fighting
 + Level 3.5 Short Blades
 + Level 5.8 Long Blades
 + Level 3.5 Axes
 + Level 3.5 Maces & Flails
 + Level 3.5 Polearms
 + Level 3.5 Staves
 + Level 3.5 Slings
 + Level 3.5 Bows
 + Level 3.5 Crossbows
 + Level 3.5 Throwing
 + Level 4.4 Armour
 + Level 5.8 Dodging
 + Level 3.5 Stealth
 + Level 3.5 Shields
 + Level 3.5 Unarmed Combat
 + Level 6.2 Spellcasting
 + Level 2.9 Conjurations
 + Level 2.9 Hexes
 + Level 6.2 Charms
 + Level 2.9 Summonings
 + Level 2.9 Necromancy
 + Level 2.9 Translocations
 + Level 2.9 Transmutations
 + Level 2.9 Fire Magic
 + Level 2.9 Ice Magic
 + Level 2.9 Air Magic
 + Level 2.9 Earth Magic
 + Level 2.9 Poison Magic
 + Level 3.9 Invocations
 + Level 3.5 Evocations


You had 18 spell levels left.
You knew the following spells:

 Your Spells              Type           Power        Failure   Level  Hunger
a - Infusion              Chrm           ####         1%          1    None


Dungeon Overview and Level Annotations

Branches:
Dungeon (6/15)             Temple (1/1) D:5

Altars:
Cheibriados
Elyvilon
Gozag
Kikubaaqudgha
Nemelex Xobeh
Qazlal
Vehumet
Wu Jian
Yredelemnul
The Shining One

Shops:
D:4 (*   D:5 ?[*

Annotations:
D:3 wojtek's ghost, amateur MiFi
D:5 Eustachio
D:6 Rwicked's ghost, novice GrEE


Innate Abilities, Weirdness & Mutations

Your experience applies equally to all skills.
((You have very sharp teeth.))
Your uncanny sense of smell can sniff out nearby items.


Message History

* * * LOW HITPOINT WARNING * * *
The quasit claws you but does no damage.
Eustachio hits you but does no damage. The white imp gestures at you.
The puff of frost hits you!
* * * LOW HITPOINT WARNING * * *
You miss Eustachio.
Eustachio is almost dead.
The quasit bites you but does no damage.
The quasit claws you but does no damage. x2
The river rat bites you but does no damage.
Eustachio hits you but does no damage.
You feel a strange sense of stasis.
The quasit bites you but does no damage.
The quasit claws you.
* * * LOW HITPOINT WARNING * * *
The quasit claws you but does no damage.
The white imp shouts, "Out, out, thou foppish beetle-headed skainsmate!"
The white imp gestures at you. The puff of frost hits you!
You die...

............#..............#....#
...........)#..............#.....
.........####.............<......
.).......####...............##...
.........#......###............#.
...5.....#..............(...####.
.........#...............(.......
.........#.......5......[.......#
.........#......♣@b.............+
.........#......5r....(..(......#
..#+#@...#................(......
..+∩'....#..............(........
..#5#....###.................((..
##....)..###......(.............(
..........[[...####..........(...
#..###..###)..###................
#..#......#.........(.(.(....b...


You could see Eustachio, a quasit, a river rat, a white imp and a bat.

Vanquished Creatures
  Grinder (D:5)
  An orc warrior (Temple)
  A black bear (D:6)
  3 ogres
  A bullfrog (D:6)
  A howler monkey (D:5)
  2 crimson imps (D:5)
  2 hounds
  6 orc priests
  An orc wizard (D:5)
  3 iguanas
  Jessica (D:2)
  Natasha (twice) (D:2)
  2 worker ants (D:4)
  The ghost of dscm the Digger, a weakling OpEE (D:4)
  A hound skeleton (D:4)
  4 gnolls (D:2)
  6 adders
  A shadow imp (D:4)
  An ooze (D:4)
  An adder skeleton (D:4)
  2 worms
  A dart slug (D:1)
  2 leopard geckos
  7 orcs
  5 bats
  4 giant cockroaches
  17 goblins
  9 hobgoblins
  7 jackals
  6 kobolds
  3 quokkas
  2 ball pythons
  2 frilled lizards
  5 rats
114 creatures vanquished.

Notes
Turn   | Place    | Note
-------+----------+-------------------------------------------
     0 | D:1      | Mesmaeker13 the Gnoll Skald began the quest for the Orb.
     0 | D:1      | Reached XP level 1. HP: 20/20 MP: 6/6
    78 | D:1      | Reached XP level 2. HP: 15/26 MP: 7/7
   843 | D:2      | Reached XP level 3. HP: 29/31 MP: 9/9
  1034 | D:2      | Noticed Jessica
  1039 | D:2      | Killed Jessica
  1039 | D:2      | Reached skill level 5 in Spellcasting
  1039 | D:2      | Reached skill level 1 in Invocations
  1043 | D:2      | Reached skill level 1 in Short Blades
  1043 | D:2      | Reached skill level 1 in Axes
  1043 | D:2      | Reached skill level 1 in Maces & Flails
  1043 | D:2      | Reached skill level 1 in Polearms
  1043 | D:2      | Reached skill level 1 in Staves
  1043 | D:2      | Reached skill level 1 in Slings
  1043 | D:2      | Reached skill level 1 in Bows
  1043 | D:2      | Reached skill level 1 in Crossbows
  1043 | D:2      | Reached skill level 1 in Throwing
  1043 | D:2      | Reached skill level 1 in Stealth
  1043 | D:2      | Reached skill level 1 in Shields
  1043 | D:2      | Reached skill level 1 in Unarmed Combat
  1043 | D:2      | Reached skill level 1 in Evocations
  1110 | D:2      | Reached XP level 4. HP: 33/38 MP: 11/11
  1340 | D:2      | Reached skill level 1 in Conjurations
  1340 | D:2      | Reached skill level 1 in Hexes
  1340 | D:2      | Reached skill level 1 in Summonings
  1340 | D:2      | Reached skill level 1 in Necromancy
  1340 | D:2      | Reached skill level 1 in Translocations
  1340 | D:2      | Reached skill level 1 in Transmutations
  1340 | D:2      | Reached skill level 1 in Fire Magic
  1340 | D:2      | Reached skill level 1 in Ice Magic
  1340 | D:2      | Reached skill level 1 in Air Magic
  1340 | D:2      | Reached skill level 1 in Earth Magic
  1340 | D:2      | Reached skill level 1 in Poison Magic
  1561 | D:2      | Noticed Natasha
  1570 | D:2      | Killed Natasha
  1570 | D:2      | Reached XP level 5. HP: 42/43 MP: 12/12
  2285 | D:2      | Noticed Natasha
  2959 | D:3      | Noticed wojtek's ghost (amateur MiFi)
  3008 | D:2      | Killed Natasha
  3103 | D:3      | Reached XP level 6. HP: 50/50 MP: 13/13
  3383 | D:4      | Found an ancient bone altar of Kikubaaqudgha.
  3519 | D:4      | Found Idag Yje's Elemental Accessories.
  3715 | D:4      | Noticed dscm's ghost (weakling OpEE)
  3755 | D:4      | Reached skill level 5 in Fighting
  3755 | D:4      | Reached skill level 5 in Long Blades
  3755 | D:4      | Reached skill level 5 in Dodging
  3991 | D:4      | Reached XP level 7. HP: 56/56 MP: 15/15
  4068 | D:4      | Found Vontaez's Weapon Emporium.
  4134 | D:4      | Killed dscm's ghost
  4370 | D:5      | Entered Level 5 of the Dungeon
  4370 | D:5      | Found Leweupon's Antique Armour Emporium.
  4436 | D:5      | Found a staircase to the Ecumenical Temple.
  4450 | Temple   | Entered the Ecumenical Temple
  4795 | D:5      | Found Suof's General Store.
  4971 | D:5      | Noticed Grinder
  4973 | D:5      | Reached XP level 8. HP: 63/63 MP: 16/16
  4976 | D:5      | Killed Grinder
  5439 | D:5      | Noticed Eustachio
  5553 | D:6      | Noticed Rwicked's ghost (novice GrEE)
  5631 | D:5      | Found Cozia's Magic Scroll Shop.
  5957 | D:5      | HP: 4/96 [white imp/puff of frost[Eustachio] (2)]
  5958 | D:5      | Killed from afar by a white imp

Skill      XL: |  1  2  3  4  5  6  7  8 |
---------------+-------------------------+-----
Spellcasting   | 5 6 |  6.2
Invocations    | 1 2 3 |  3.9
Short Blades   | 1 2 3 |  3.5
Axes           | 1 2 3 |  3.5
Maces & Flails | 1 2 3 |  3.5
Polearms       | 1 2 3 |  3.5
Staves         | 1 2 3 |  3.5
Slings         | 1 2 3 |  3.5
Bows           | 1 2 3 |  3.5
Crossbows      | 1 2 3 |  3.5
Throwing       | 1 2 3 |  3.5
Stealth        | 1 2 3 |  3.5
Shields        | 1 2 3 |  3.5
Unarmed Combat | 1 2 3 |  3.5
Evocations     | 1 2 3 |  3.5
Conjurations   | 1 2 |  2.9
Hexes          | 1 2 |  2.9
Summonings     | 1 2 |  2.9
Necromancy     | 1 2 |  2.9
Translocations | 1 2 |  2.9
Transmutations | 1 2 |  2.9
Fire Magic     | 1 2 |  2.9
Ice Magic      | 1 2 |  2.9
Air Magic      | 1 2 |  2.9
Earth Magic    | 1 2 |  2.9
Poison Magic   | 1 2 |  2.9
Armour         | 3 4 |  4.4
Fighting       | 5 |  5.8
Long Blades    | 5 |  5.8
Dodging        | 5 |  5.8
Charms         | 6 |  6.2

Action                   |  1- 3 |  4- 6 |  7- 9 || total
-------------------------+-------+-------+-------++-------
Melee: Falchion          |     9 |       |       ||     9
       Short sword       |    48 |   214 |   216 ||   478
       Bite              |     5 |    21 |    27 ||    53
Throw: Throwing net      |       |     1 |       ||     1
       Javelin           |       |       |    11 ||    11
Evoke: Wand              |       |       |     3 ||     3
  Use: Scroll            |       |     6 |     2 ||     8
       Potion            |       |       |     1 ||     1
 Stab: Sleeping          |       |     2 |       ||     2
       Held in net/web   |       |     1 |       ||     1
  Eat: Chunk             |     1 |     9 |     6 ||    16
       Ration            |       |       |     1 ||     1
Armor: Leather armour    |     4 |       |       ||     4
       Ring mail         |     2 |    62 |    14 ||    78
       Plate armour      |       |       |    97 ||    97
       Chain mail        |       |       |    10 ||    10
       Skin              |       |       |    56 ||    56
Dodge: Dodged            |    37 |   148 |   135 ||   320
       Rpst.: Falchion   |     3 |       |       ||     3
